 Dungeon Crawl Stone Soup version 0.22.1-6-g1668fe2c40 (webtiles) character file.

142 Kohma the Sneak (level 5, -11/28 HPs)
             Began as a Kobold Enchanter on Jan 21, 2019.
             Killed by divine providence
             ... invoked by an orc priest
              (17 damage)
             ... on level 3 of the Dungeon.
             The game lasted 00:07:36 (3533 turns).

Kohma the Sneak (Kobold Enchanter)                  Turns: 3533, Time: 00:07:36

Health: -11/28     AC:  4    Str:  6    XL:     5   Next: 49%
Magic:  8/10       EV: 15    Int: 17    God:
Gold:   64         SH:  0    Dex: 15    Spells: 4/10 levels left

rFire    . . .     SeeInvis .   a - +1 dagger
rCold    . . .     Gourm    .   (shield restricted)
rNeg     . . .     Faith    .   v - +0 leather armour
rPois    .         Spirit   .   (no helmet)
rElec    .         Reflect  .   g - +0 cloak
rCorr    .         Harm     .   (no gloves)
MR       .....                  (no boots)
Stlth    ++........             (no amulet)
HPRegen  0.09/turn              (no ring)
MPRegen  0.12/turn              (no ring)

@: no status effects
A: small, carnivore
a: no special abilities


You were on level 3 of the Dungeon.
You were completely stuffed.

You visited 1 branch of the dungeon, and saw 3 of its levels.

You collected 64 gold pieces.

Inventory:

Hand Weapons
 a - a +1 dagger (weapon)
Missiles
 f - 15 stones (quivered)
 k - 40 bolts
 s - 28 poisoned needles
Armour
 g - a +0 cloak (worn)
 v - a +0 leather armour (worn)
Jewellery
 m - an uncursed amulet of the gourmand {unknown}
 o - an uncursed amulet of the gourmand {unknown}
Scrolls
 e - 2 scrolls of blinking {unknown}
 h - 3 scrolls of noise {unknown}
 i - 3 scrolls of identify {unknown}
 l - a scroll of enchant armour {unknown}
 p - a scroll of immolation {unknown}
 r - a scroll of fear {unknown}
Potions
 c - 5 potions of curing {unknown}
 j - a potion of brilliance {unknown}
 n - a potion of heal wounds {unknown}
 q - a potion of agility {unknown}
 u - 2 potions of haste {unknown}
Comestibles
 d - 6 rations


   Skills:
 + Level 2.7 Short Blades
 + Level 3.3 Dodging
 - Level 4.0 Stealth
 * Level 3.4 Spellcasting
 * Level 4.0 Hexes
 + Level 1.0 Ice Magic


You had 4 spell levels left.
You knew the following spells:

 Your Spells              Type           Power        Failure   Level  Hunger
a - Corona                Hex            ###....      4%          1    None
b - Ensorcelled Hibernat  Hex/Ice        ##....       14%         2    ##.....
c - Confuse               Hex            ###.....     14%         3    ###....

Your spell library contained the following spells:

 Spells                   Type           Power        Failure   Level  Hunger
 Tukima's Dance           Hex            ###.....     14%         3    ###....
 Dazzling Spray           Conj/Hex       #.....       34%         3    ###....


Dungeon Overview and Level Annotations

Branches:
Dungeon (3/15)

Altars:


Innate Abilities, Weirdness & Mutations

You are small and have problems with some larger weapons.
You are carnivorous and can eat meat at any time.


Message History

The kobold is severely wounded.
The kobold hits you with a short sword. The orc hits you but does no damage.
You hit the kobold but do no damage.
The kobold is severely wounded.
The kobold closely misses you. The orc hits you.
* * * LOW HITPOINT WARNING * * *
You hit the kobold but do no damage.
The kobold is severely wounded.
The kobold misses you. The orc barely misses you.
Casting: Ensorcelled Hibernation (safe; 14% risk of failure)
Confirm with . or Enter, or press ? or * to list all spells.
Aiming: Ensorcelled Hibernation (safe; 14% risk of failure)
Press: ? - help, Shift-Dir - straight line, f - kobold
Aim: a kobold, wielding a short sword (severely wounded, chance to defeat MR: The kobold resists with significant effort.
The kobold barely misses you.
The orc priest calls down the wrath of Beogh upon you.
Beogh smites you!
Ouch! That really hurt!
You die...

##### ### ... ..#
#K# #.#.# #@# # .
#.# # #o# #.# #.#
# #g# #.#
#.########
#o##.#.##.........
#oo.###......)....
#..g.#.#.###.###.#
<#######..#.##.#
#.# #.#
.o.oo.....#.##.#
#.# #.#
###...........#
#.###.#


You could see 2 orc priests, 2 orcs, a hobgoblin and a kobold.

Vanquished Creatures
  Jessica (D:3)
  3 adders
  3 oozes
  2 adder zombies (D:1)
  5 worms
  3 dart slugs
  2 leopard geckos
  A ball python (D:2)
  A giant cockroach (D:1)
  7 goblins
  9 hobgoblins
  A quokka (D:2)
  5 bats
  3 frilled lizards
  2 kobolds (D:1)
  4 rats
52 creatures vanquished.

Notes
Turn   | Place    | Note
-------+----------+-------------------------------------------
     0 | D:1      | Kohma the Kobold Enchanter began the quest for the Orb.
     0 | D:1      | Reached XP level 1. HP: 10/10 MP: 3/3
   423 | D:1      | Reached XP level 2. HP: 14/15 MP: 5/5
   483 | D:1      | Learned a level 2 spell: Ensorcelled Hibernation
   618 | D:1      | Reached XP level 3. HP: 10/19 MP: 2/7
   623 | D:1      | Learned a level 3 spell: Confuse
  1800 | D:2      | Reached XP level 4. HP: 24/24 MP: 8/8
  3074 | D:2      | Reached XP level 5. HP: 28/28 MP: 9/9
  3352 | D:3      | Noticed Jessica
  3356 | D:3      | Killed Jessica
  3458 | D:3      | Reached skill level 1 in Ice Magic
  3533 | D:3      | Killed from afar by an orc priest

Skill      XL: |  1  2  3  4  5 |
---------------+----------------+-----
Short Blades   | 2 |  2.7
Spellcasting   | 3 |  3.4
Dodging        | 3 |  3.3
Hexes          | 4 |  4.0
Ice Magic      | 1 |  1.0
Stealth        | |  4.0

Action                   |  1- 3 |  4- 6 || total
-------------------------+-------+-------++-------
Melee: Dagger            |    86 |   101 ||   187
 Cast: Corona            |     1 |       ||     1
       Ensorcelled Hiber |     9 |    15 ||    24
       Confuse           |     1 |     2 ||     3
 Stab: Sleeping          |    12 |    12 ||    24
       Confused          |     1 |       ||     1
  Eat: Chunk             |    12 |     6 ||    18
Armor: Robe              |    21 |    11 ||    32
       Leather armour    |       |     1 ||     1
Dodge: Dodged            |    55 |    61 ||   116
